 Dungeon Crawl Stone Soup version bcrawl-1.37.1 (webtiles) character file.

Game seed: 5896617002230936952

182584 Finster the Slasher (level 4, -4/28 (29) HPs)
             Began as a Skeleton Reaver on Oct 15, 2022.
             Was a Believer of Vehumet.
             Slain by an iguana (7 damage)
             ... on level 3 of the Dungeon.
             The game lasted 00:06:45 (1513 turns).

Finster the Slasher (Skeleton Reaver)               Turns: 1513, Time: 00:06:46

HP:   -4/28 (29)    AC:  5    Str: 19      XL:     4   Next: 90%
MP:   0/9           EV: 12    Int: 11 (12) God:    Vehumet [**....]
Gold: 144           SH:  0    Dex:  7      Spells: 6/9 levels left

rFire    . . .     GDR:     18% a - +0 long sword
rCold    + . .     SeeInvis .   (no shield)
rNeg     + + +     Gourm    .   b - +0 steam dragon scales
rPois    ∞         Faith    .   (no helmet)
rElec    .         Spirit   +   (no cloak)
rCorr    .         Reflect  .   (no gloves)
MR       .....                  (no boots)
Stlth    +.........             (no amulet)
HPRegen  0.14/turn              (no ring)
MPRegen  0.11/turn              (no ring)

@: no status effects
A: no food or potions, cold resistance 1, deterioration 1, negative energy
resistance 3, torment resistance, unbreathing, magic shield, sturdy frame 1,
spell healing
a: Renounce Religion


You were on level 3 of the Dungeon.
You worshipped Vehumet.
Vehumet was pleased with you.
You were not hungry.

You visited 1 branch of the dungeon, and saw 3 of its levels.

You collected 144 gold pieces.

Inventory:

Hand Weapons
 a - a +0 long sword (weapon)
Missiles
 d - 147 javelins (quivered)
Armour
 b - +0 steam dragon scales (worn)
Scrolls
 c - a scroll of immolation
 e - a scroll of fear
 f - a scroll of enchant armour {unknown}
 g - 3 scrolls of remove curse {unknown}
 i - 2 scrolls of identify


   Skills:
 + Level 3.9 Fighting
 + Level 5.2 Long Blades
 + Level 3.5 Dodging
 + Level 0.4 Stealth
 + Level 3.3 Spellcasting
 + Level 0.1 Ice Magic
 + Level 0.2 Air Magic


You had 6 spell levels left.
You knew the following spells:

 Your Spells              Type           Power        Failure   Level  Hunger
a - Freeze                Ice            #.....       7%          1    N/A
b - Shock                 Conj/Air       #......      11%         2    N/A

Your spell library contained the following spells:

 Spells                   Type           Power        Failure   Level  Hunger
 Iskenderun's Battlesphe  Conj/Chrm      #.......     83%         5    N/A

Dungeon Overview and Level Annotations

Branches:
Dungeon (3/12)

Altars:
Nemelex Xobeh


Innate Abilities, Weirdness & Mutations

You do not eat or drink.
You are immune to poison.
Your flesh is cold resistant. (rC+)
Your body sometimes deteriorates upon taking damage.
You are immune to negative energy. (rN+++)
You are immune to unholy pain and torment.
You can survive without breathing.
When hurt, damage is shared between your health and your magic reserves.
Your movements are slightly less encumbered by armour. (ER -2)
Casting spells heals you.


Message History

You barely miss the iguana.
The iguana is severely wounded.
The iguana closely misses you.
You hit the iguana but do no damage.
The iguana is severely wounded.
The iguana barely misses you.
You hit the iguana.
The iguana is almost dead.
The iguana barely misses you.
You closely miss the iguana.
The iguana is almost dead.
The iguana closely misses you.
You barely miss the iguana.
The iguana is almost dead.
The iguana bites you.
* * * LOW HITPOINT WARNING * * *
You closely miss the iguana.
The iguana is almost dead.
The iguana bites you!
You die...

########........
..............
..........#.##
........#....#
.............#
........#.!..#######
.......s#..........#
......#l#..........#
.######@#).........#
...%....#...########
#########...#
#.......# #.......#
.#.......######
...............
##....#.#######
#.....#...######


You could see a scorpion and an iguana.

Vanquished Creatures
  An iguana (D:2)
  A gnoll (D:2)
  2 adders (D:2)
  A worm (D:2)
  2 dart slugs
  7 leopard geckos
  An orc (D:2)
  3 ball pythons (D:1)
  4 bats
  2 giant cockroaches (D:2)
  5 goblins
  4 hobgoblins
  10 jackals
  A quokka (D:2)
  3 frilled lizards
  10 kobolds
  2 rats (D:1)
59 creatures vanquished.

Notes
Turn   | Place    | Note
-------+----------+-------------------------------------------
     0 | D:1      | Finster the Skeleton Reaver began the quest for the Orb.
     0 | D:1      | Reached XP level 1. HP: 14/14 MP: 4/4
   147 | D:1      | Reached skill level 4 in Long Blades
   150 | D:1      | Reached XP level 2. HP: 19/19 MP: 6/6
   303 | D:1      | Reached * piety under Vehumet
   303 | D:1      | Offered knowledge of Freeze by Vehumet.
   306 | D:1      | Learned a level 1 spell: Freeze
   528 | D:1      | Reached XP level 3. HP: 23/23 MP: 7/7
   822 | D:2      | Reached skill level 5 in Long Blades
   822 | D:2      | Reached XP level 4. HP: 14/28 MP: 5/8
   896 | D:2      | Offered knowledge of Shock by Vehumet.
   900 | D:2      | Learned a level 2 spell: Shock
   944 | D:2      | Reached ** piety under Vehumet
  1251 | D:2      | Found a sparkling altar of Nemelex Xobeh.
  1513 | D:3      | Slain by an iguana

Skill      XL: |  1  2  3 |
---------------+----------+-----
Long Blades    | 4 5 |  5.2
Fighting       | |  3.9
Dodging        | |  3.5
Stealth        | |  0.4
Spellcasting   | |  3.3
Ice Magic      | |  0.1
Air Magic      | |  0.2

Action                   |  1- 3 |  4- 6 || total
-------------------------+-------+-------++-------
Melee: Long sword        |   125 |    66 ||   191
Throw: Javelin           |     1 |     1 ||     2
 Cast: Freeze            |     4 |     3 ||     7
       Shock             |       |     7 ||     7
  Use: Scroll            |     1 |       ||     1
Armor: Steam dragon scal |    44 |    27 ||    71
Dodge: Dodged            |    89 |    70 ||   159
